 Dungeon Crawl Stone Soup version 0.29.0-13-gc9e81de378 (webtiles) character file.

Game seed: 1235096617411510534

17317 LustLizard the Grappler (level 12, -6/122 HPs)
             Began as a Troll Fighter on Sept 8, 2022.
             Was a Priest of Wu Jian.
             Mangled by a cane toad (21 damage)
             ... on level 8 of the Dungeon.
             The game lasted 00:25:16 (11287 turns).

LustLizard the Grappler (Troll Fighter)            Turns: 11287, Time: 00:25:16

Health: -6/122     AC:  8    Str: 33    XL:     12   Next: 17%
Magic:  11/11      EV: 10    Int:  8    God:    Wu Jian [***...]
Gold:   2630       SH:  9    Dex:  9    Spells: 11/11 levels left

rFire   . . .      SeeInvis .     - Unarmed
rCold   + . .      Faith    .   b - +0 kite shield
rNeg    . . .      Spirit   .   K - +0 acid dragon scales
rPois   .          Reflect  .   J - +0 hat
rElec   .          Harm     .   B - scarf {+Inv}
rCorr   +          Rampage  .   (gloves unavailable)
Will    .....                   (boots unavailable)
Stlth   +.........              (no amulet)
HPRegen 1.10/turn               h - +6 ring of strength
MPRegen 0.12/turn               f - ring "Jopri" {+Blink rC+}

@: no status effects
A: large, unfitting armour, claws 3, regeneration 1, shaggy fur 1, tough skin 1
a: Renounce Religion, Evoke Blink, Evoke Invisibility, Wall Jump, Serpent's Lash


You were on level 8 of the Dungeon.
You worshipped Wu Jian.
Wu Jian was most pleased with you.
You visited 3 branches of the dungeon, and saw 13 of its levels.
You also visited: Bailey.

You collected 2798 gold pieces.
You spent 168 gold pieces at shops.

Inventory:

Hand Weapons
 N - a +0 hand axe
Missiles
 d - 133 stones
 g - 4 curare-tipped darts
 n - 2 throwing nets
 o - 4 javelins
 z - 19 poisoned darts (quivered)
Armour
 a - a +0 robe
 b - a +0 kite shield (worn)
 B - a scarf of invisibility (worn)
 J - a +0 hat (worn)
 K - +0 acid dragon scales (worn)
Jewellery
 f - the ring "Jopri" (right claw) {+Blink rC+}
   (You acquired it in a bailey)

   [ring of protection from cold]

   rC:        It protects you from cold.
   +Blink:    It lets you blink.
 h - a +6 ring of strength (left claw)
 j - a ring of wizardry
 s - a +6 ring of dexterity
 w - a ring of wizardry
 A - an amulet of faith
 L - a ring of magical power
Wands
 c - a wand of acid (6)
 v - a wand of roots (21)
 y - a wand of paralysis (8)
 C - a wand of flame (14)
Scrolls
 k - 2 scrolls of enchant weapon
 p - a scroll of noise
 q - 2 scrolls of fear
 r - 4 scrolls of vulnerability
 t - 2 scrolls of enchant armour
 x - 3 scrolls of immolation
 E - a scroll of silence
 G - a scroll of poison
 H - a scroll of amnesia
 I - a scroll of torment
 Q - a scroll of fog
 U - 3 scrolls of teleportation
Potions
 e - a potion of mutation
 i - 5 potions of curing
 l - 2 potions of resistance
 m - a potion of flight
 u - 2 potions of heal wounds
 D - 2 potions of lignification
 F - 2 potions of degeneration
 M - 8 potions of ambrosia
 O - a potion of might
 P - 2 potions of attraction
 R - a potion of invisibility
 S - 3 potions of magic {unknown}
 V - a potion of cancellation {unknown}
 W - a potion of haste


   Skills:
 + Level 8.4 Fighting
 + Level 6.3 Dodging
 + Level 9.2 Shields
 * Level 13.5 Unarmed Combat


You had 11 spell levels left.
You didn't know any spells.
Your spell library contained the following spells:

 Spells                   Type           Power      Damage    Failure   Level
 Summon Small Mammal      Summ           0%         N/A       69%         1
 Static Discharge         Conj/Air       0%         3-3/arc   83%         2
 Call Canine Familiar     Summ           0%         N/A       96%         3
 Confusing Touch          Hex            0%         N/A       96%         3
 Conjure Flame            Conj/Fire      0%         6-21      96%         3
 Ignite Poison            Fire/Tmut/Pois 0%         N/A       96%         3
 Summon Guardian Golem    Hex/Summ       0%         N/A       96%         3
 Sticky Flame             Conj/Fire      0%         2d3       100%        4
 Fireball                 Conj/Fire      0%         3d3       100%        5
 Iskenderun's Battlesphe  Conj           0%         2d6       100%        5
 Lightning Bolt           Conj/Air       0%         1d11      100%        5
 Yara's Violent Unravell  Hex/Tmut       0%         3d3       100%        5
 Conjure Ball Lightning   Conj/Air       0%         3x3d6     100%        6
 Enfeeble                 Hex            0%         N/A       100%        7
 Orb of Destruction       Conj           0%         9d5       100%        7
 Maxwell's Capacitive Co  Air            0%         ∞         100%        8


Dungeon Overview and Level Annotations

Branches:
Dungeon (11/15)            Temple (1/1) D:4            Lair (1/5) D:8
    Orc (0/2) D:9          Bailey (visited)

Altars:
Ashenzari
Cheibriados
Dithmenos
Elyvilon
Fedhas
Gozag
Hepliaklqana
Kikubaaqudgha
Makhleb
Nemelex Xobeh
Okawaru
Qazlal
Ru
Sif Muna
Trog
Uskayaw
Vehumet
Wu Jian
Xom
Yredelemnul
Zin
The Shining One

Shops:
D:1 [

Annotations:
D:10 1 runed translucent door, Tollund's ghost, journeyman VSFi
Lair:1 Erica


Innate Abilities, Weirdness & Mutations

You are too large for most types of armour.
You have claws for hands.
Your natural rate of healing is unusually fast.
You are covered in fur. (AC +1)
You have tough skin. (AC +1)


Message History

You scratch the cane toad but do no damage.
You feel sick. You block the cane toad's attack. The yak barely misses you.
You block the yak's attack. The cane toad stings you! The yak gores you!
The yak misses you.
Unknown command.
You spin and attack the yak.
You claw the yak!
You kill the yak!
The Council accepts your kill.
You spin and attack the yak.
You claw the yak!
The yak is heavily wounded.
You spin and attack the yak.
You mangle the yak!!
The yak is heavily wounded.
You feel sick. The yak gores you but does no damage.
You block the yak's attack.
You spin and attack the yak repeatedly.
You mangle the yak!!
The yak is almost dead.
You mangle the yak!!
You kill the yak!
The Council accepts your kill.
You feel sick.
You spin and attack the cane toad repeatedly.
You barely miss the cane toad. You mangle the cane toad!!
The cane toad is heavily wounded.
You feel sick. The cane toad stings you!
* * * LOW HITPOINT WARNING * * *
You claw the cane toad!
The cane toad is almost dead.
You feel sick. The cane toad stings you!!
* * * LOW HITPOINT WARNING * * *
You are more poisoned.
The cane toad poisons you!
Unknown command.
You feel better. The cane toad stings you!
* * * LOW HITPOINT WARNING * * *
You are lethally poisoned!
The cane toad poisons you!
You feel better.
The cane toad stings you but does no damage.
The cane toad stings you!!
You die...

####.[.##........................
.......###.......###.####....##.#
.#####.# #.......#.#.#.......##.#
.# #.# #.........#.#.......##.#
.# #.# #....####)#.#...........
.# #.# ####.####.#.#......###.#
.# #.# #.##............# #.# .#
#.######.##............# #.# .#
#......#.##@...........# #.# .#
######.#..+FY...###.)..# #.# .#
#.###Y.....#_#....# #.#
.##########.##..†....#+#....###.#
..........#.##...#####.#####....#
.########.#.##.......#.##.#######
...#....#.#.##............#######
.#.#.##.#.#.##..............#....
.#.#..#.#.#.##............#...###


You could see 2 yaks and a cane toad.

Vanquished Creatures
  Gastronok (D:8)
  Erolcha (D:9)
  Amaemon (D:8)
  An orc knight (Bailey)
  An ugly thing (D:11)
  Maurice (D:8)
  An orange demon (D:8)
  An unseen horror (D:10)
  A komodo dragon (D:11)
  A queen bee (D:9)
  2 trolls
  The ghost of nickcage the Sneak, a novice SpEn of Dithmenos (D:5)
  A wraith (D:9)
  A shadow (D:9)
  A wyvern (D:9)
  31 yaks
  A steam dragon (D:9)
  3 vampire mosquitoes (D:8)
  4 water moccasins
  An acid dragon (D:9)
  Duvessa (D:6)
  24 orc warriors
  An ice beast (D:5)
  2 sky beasts
  3 ogres (D:9)
  4 centaurs
  2 phantoms
  2 bullfrogs (D:7)
  3 kobold brigands
  A scorpion (D:5)
  A water moccasin zombie (D:5)
  4 gnoll sergeants
  Dowan (D:6)
  30 killer bees
  2 howler monkeys
  2 jellies
  5 orc priests
  2 iguanas
  11 orc wizards
  A hound zombie (D:5)
  17 gnolls
  10 adders
  2 white imps (D:6)
  An ufetubus (D:5)
  3 worms
  4 dart slugs
  32 orcs
  5 ball pythons
  7 endoplasms
  11 giant cockroaches (D:2)
  15 goblins
  16 hobgoblins
  2 jackals (D:2)
  4 quokkas
  5 bats
  12 frilled lizards
  16 kobolds
  4 rats
324 creatures vanquished.

Vanquished Creatures (collateral kills)
  A hobgoblin (Bailey)
1 creature vanquished.

Vanquished Creatures (others)
  A fungus (Lair:1)
  7 plants (D:5)
8 creatures vanquished.

Grand Total: 333 creatures vanquished

Notes
Turn   | Place    | Note
-------+----------+-------------------------------------------
     0 | D:1      | LustLizard the Troll Fighter began the quest for the Orb.
     0 | D:1      | Reached XP level 1. HP: 22/22 MP: 0/0
   274 | D:1      | Reached XP level 2. HP: 29/29 MP: 1/1
   420 | D:1      | Found Usubryru's Antique Armour Boutique.
   492 | D:1      | Found a faded altar of an unknown god.
   910 | D:2      | Reached XP level 3. HP: 32/36 MP: 2/2
   924 | D:2      | Reached skill level 3 in Unarmed Combat
  1196 | D:2      | Reached XP level 4. HP: 44/44 MP: 3/3
  1554 | D:3      | Found a snail-covered altar of Cheibriados.
  1610 | D:3      | Reached skill level 4 in Unarmed Combat
  1610 | D:3      | Reached XP level 5. HP: 53/53 MP: 4/4
  1929 | D:4      | Found a staircase to the Ecumenical Temple.
  1981 | Temple   | Entered the Ecumenical Temple
  2099 | D:4      | Identified the +0 pair of gloves of Wuahicw {rN+ Stlth+}
  2208 | D:4      | Identified the +6 spear "Tiupaec" {speed, rElec MP+9}
  2727 | D:5      | Entered Level 5 of the Dungeon
  2733 | D:5      | Found a hide-covered altar of Uskayaw.
  2740 | D:5      | Found a bloodstained altar of Trog.
  2752 | D:5      | Noticed a phantom
  2759 | D:5      | Killed a phantom
  2760 | D:5      | Reached skill level 5 in Unarmed Combat
  2760 | D:5      | Reached XP level 6. HP: 57/61 MP: 5/5
  2827 | D:5      | Found a shimmering blue altar of Sif Muna.
  2850 | D:5      | Found a hazy altar of Hepliaklqana.
  3018 | D:5      | Noticed a water moccasin
  3026 | D:5      | Killed a water moccasin
  3027 | D:5      | Reached XP level 7. HP: 66/68 MP: 6/6
  3035 | D:5      | Reached skill level 6 in Unarmed Combat
  3296 | D:5      | Found a white marble altar of Elyvilon.
  3420 | D:5      | Reached skill level 5 in Shields
  3420 | D:5      | Reached XP level 8. HP: 56/79 MP: 7/7
  3511 | D:5      | Found a large runed translucent door.
  3511 | D:5      | Found a large runed translucent door.
  3512 | D:5      | Noticed nickcage's ghost (novice SpEn)
  3572 | D:5      | Found a stormy altar of Qazlal.
  3669 | D:5      | Reached skill level 7 in Unarmed Combat
  3705 | D:5      | Found a basalt altar of Yredelemnul.
  4154 | D:6      | Found a glowing silver altar of Zin.
  4202 | D:6      | Noticed Dowan
  4203 | D:6      | Noticed Duvessa
  4220 | D:6      | Killed Duvessa
  4221 | D:6      | Reached skill level 5 in Fighting
  4224 | D:6      | Killed Dowan
  4253 | D:6      | Reached skill level 8 in Unarmed Combat
  4291 | D:6      | Identified 2 scrolls of acquirement
  4394 | D:7      | Found a shadowy altar of Dithmenos.
  4524 | D:7      | Found an iron altar of Okawaru.
  4853 | D:7      | Reached XP level 9. HP: 84/88 MP: 8/8
  4863 | D:7      | Reached skill level 9 in Unarmed Combat
  4976 | D:7      | Found a blossoming altar of Fedhas.
  5515 | D:1      | Bought a glowing scarf for 168 gold pieces
  5625 | D:8      | Noticed Maurice
  5625 | D:8      | Noticed Gastronok
  5625 | D:8      | Found a broken altar of Ashenzari.
  5700 | D:8      | Killed Maurice
  5701 | D:8      | Reached skill level 10 in Unarmed Combat
  5790 | D:8      | Noticed Amaemon
  5795 | D:8      | Noticed an orange demon
  5800 | D:8      | Killed Amaemon
  5801 | D:8      | Reached XP level 10. HP: 25/100 MP: 9/9
  5811 | D:8      | Killed an orange demon
  6055 | D:8      | Found a staircase to the Lair.
  6335 | D:8      | Found an opulent altar of Gozag.
  6512 | D:8      | Killed Gastronok
  6513 | D:8      | Reached skill level 11 in Unarmed Combat
  6713 | D:8      | Found a sparkling altar of Nemelex Xobeh.
  7421 | D:9      | Found an ornate altar of the Wu Jian Council.
  7445 | D:9      | Became a worshipper of the Wu Jian Council
  7518 | D:9      | Reached XP level 11. HP: 63/109 MP: 10/10
  7668 | D:9      | Reached * piety under Wu Jian
  7683 | D:9      | Reached skill level 5 in Dodging
  7699 | D:9      | Reached skill level 12 in Unarmed Combat
  7778 | D:9      | Identified the +6 quarterstaff "Undertaker" {distort,
                  | rCorr}
  7817 | D:9      | Found a staircase to the Orcish Mines.
  8047 | D:9      | Noticed Erolcha
  8049 | D:10     | Entered Level 10 of the Dungeon
  8141 | D:10     | Reached ** piety under Wu Jian
  8387 | D:10     | Found a runed translucent door.
  8387 | D:10     | Noticed Tollund's ghost (journeyman VSFi)
  8513 | D:10     | Found a flagged portal.
  8596 | Bailey   | Entered a bailey
  8598 | Bailey   | Acquired 949 gold pieces
  8600 | Bailey   | Acquired 919 gold pieces
  8882 | Bailey   | Reached *** piety under Wu Jian
  8917 | Bailey   | Noticed an orc knight
  8948 | Bailey   | Killed an orc knight
  9058 | Bailey   | Noticed an orc warlord
  9198 | Bailey   | Identified the +8 flail "Xielier" {speed, MP+9 Str+3 Int+4
                  | Dex-5}
  9215 | Bailey   | Acquired the ring "Jopri" {+Blink rC+}
  9845 | D:5      | Killed nickcage's ghost
 10156 | D:11     | Identified the +4 leather armour of Chill Winds {*Corrode
                  | rPois Slay+2}
 10397 | D:11     | Reached skill level 13 in Unarmed Combat
 10650 | D:11     | Reached XP level 12. HP: 72/120 MP: 11/11
 11143 | D:9      | Killed Erolcha
 11234 | Lair:1   | Entered Level 1 of the Lair of Beasts
 11240 | Lair:1   | Noticed Erica
 11287 | D:8      | Mangled by a cane toad

Illustrated notes

Levels and vault maps discovered:
D:1:      evilmike_arrival_rings, layout_loops_corners, serial_shops, shop,
          hellmonk_ecumenical_altar_heavens_door, minmay_statues_item,
          minmay_misc_feat_encased, hangedman_decor_lopped
D:2:      minmay_roachtagon, layout_basic
D:3:      layout_basic, kennysheep_slug_shrine
D:4:      layout_gridville, temple_pool_b, chequers_mini_garden
D:5:      layout_basic, mainiacjoe_overflow_catwalk,
          lemuel_zombie_altar_yredelemnul,
          mainiacjoe_overflow_concentric_impassable,
          mainiacjoe_overflow_surrounded_room, lemuel_crystal_altar,
          amcnicky_altar_gilded, mainiacjoe_overflow_cross_hatched,
          ebering_ghost_disaster_area, minmay_lizard_king
D:6:      layout_rooms, mainiacjoe_overflow_alcove_4, uniq_duvessa
D:7:      layout_layer_cave, okawaru_altar_gauntlet_db,
          overflow_temple_1_default, grunt_dithmenos_smoke
D:8:      layout_basic, nicolae_gozag_cash_rules_everything_around_me,
          ashenzari_conservatory_becter, nemelex_diamond_rough_becter,
          lair_entry_dummy, uniq_amaemon, uniq_maurice, uniq_gastronok
D:9:      layout_roguey [special_room_bee], lemuel_tele_altar,
          kennysheep_orc_monster_closet_entryway, feat_on_display, uniq_erolcha
D:10:     layout_cave_pods, enter_bailey_8, serial_column_ruins,
          column_ruins_corridor_straight, column_ruins_open_small,
          column_ruins_open_tiny, column_ruins_corridor_straight,
          gammafunk_ghost_grave
D:11:     layout_cave_pods
Temple:   hellmonk_temple_two_chambers
Lair:1:   layout_loops_ring, uniq_fannar, uniq_erica

Skill      XL: |  1  2  3  4  5  6  7  8  9 10 11 |
---------------+----------------------------------+-----
Shields        | 3 4 5 6 7 8 9 |  9.2
Unarmed Combat | 3 4 5 6 8 10 11 13 | 13.5
Fighting       | 3 4 5 6 7 8 |  8.4
Dodging        | 3 4 6 |  6.3

Action                   |  1- 3 |  4- 6 |  7- 9 | 10-12 || total
-------------------------+-------+-------+-------+-------++-------
Melee: Unarmed           |    94 |   146 |   229 |   563 ||  1032
Throw: Dart              |       |     3 |       |     4 ||     7
Invok: Lunge             |       |       |       |    35 ||    35
       Whirlwind         |       |       |       |    22 ||    22
Evoke: Wand              |       |       |       |     2 ||     2
  Use: Scroll            |       |     4 |     7 |    17 ||    28
       Potion            |       |       |     2 |     4 ||     6
 Stab: Sleeping          |       |     1 |       |       ||     1
       Fleeing           |       |       |       |     1 ||     1
Armor: Robe              |    30 |    37 |    47 |    11 ||   125
       Acid dragon scale |       |       |       |    96 ||    96
Dodge: Dodged            |    47 |    59 |    51 |   146 ||   303
Block: Kite shield       |    45 |    58 |    77 |   205 ||   385
